 Dungeon Crawl Stone Soup version 0.28.0-45-g0d030f2227 (webtiles) character file.

Game seed: 5239063515234082650

105 thiscave3701365 the Chopper (level 4, -3/61 HPs)
             Began as a Minotaur Berserker on Apr 20, 2022.
             Was a Believer of Trog.
             Killed from afar by an oklob plant (21 damage)
             ... with a splash of acid
             ... on level 3 of the Dungeon.
             The game lasted 00:01:51 (2796 turns).

thiscave3701365 the Chopper (Minotaur Berserker)    Turns: 2796, Time: 00:01:53

Health: -3/61      AC: -5    Str: 23    XL:     4   Next: 54%
Magic:  0/3        EV: 12    Int:  4    God:    Trog [**....]
Gold:   68         SH:  0    Dex: 10    Spells: 3/3 levels left

rFire   . . .      SeeInvis .   a - +0 hand axe
rCold   . . .      Faith    .   (no shield)
rNeg    . . .      Spirit   +   b - +0 animal skin
rPois   .          Reflect  .   (helmet restricted)
rElec   .          Harm     .   (no cloak)
rCorr   .          Rampage  .   (no gloves)
Will    .....                   (no boots)
Stlth   ..........              h - amulet of guardian spirit
HPRegen 0.20/turn               (no ring)
MPRegen 0.08/turn               (no ring)

@: berserking (expiring), corroded, very quick
A: horns 2, retaliatory headbutt
a: Renounce Religion, Berserk, Trog's Hand


You were on level 3 of the Dungeon.
You worshipped Trog.
Trog was pleased with you.
You visited 1 branch of the dungeon, and saw 3 of its levels.

You collected 68 gold pieces.

Inventory:

Hand Weapons
 a - a +0 hand axe (weapon)
Armour
 b - a +0 animal skin (worn)
Jewellery
 h - an amulet of guardian spirit (around neck)
Scrolls
 d - a scroll of amnesia {unknown}
 e - 2 scrolls of identify {unknown}
 g - a scroll of blinking {unknown}
 j - 2 scrolls of enchant armour {unknown}
Potions
 c - a potion of cancellation {unknown}
 f - 2 potions of invisibility {unknown}
 i - a potion of flight {unknown}


   Skills:
 + Level 4.8 Fighting
 + Level 5.2 Axes
 + Level 2.7 Armour
 + Level 2.4 Dodging
 + Level 0.3 Stealth


You had 3 spell levels left.
You didn't know any spells.
Your spell library was empty.

Dungeon Overview and Level Annotations

Branches:
Dungeon (3/15)

Altars:
Fedhas

Shops:
D:2 [

Annotations:
D:3 1 runed translucent door, exclusion: oklob plant


Innate Abilities, Weirdness & Mutations

You have a pair of horns on your head.
You reflexively headbutt those who attack you in melee.


Message History

You hit the fungus.
The fungus begins to die.
You hit the plant.
The plant begins to die.
You slash the plant!
The plant is lightly damaged.
You hit the plant. You hit the fungus. You slash the plant!
The plant is lightly damaged.
You hit the plant. You hit the fungus. You hit the plant.
The plant is lightly damaged.
You hit the fungus. You hit the plant.
A nearby plant withers and dies.
A nearby fungus withers and dies.
A nearby plant withers and dies.
The oklob plant spits acid at you. The splash of acid hits you!
The acid corrodes you! The oklob plant spits acid at you.
The splash of acid hits you!
* * * LOW HITPOINT WARNING * * *
The acid corrodes you!
You are too injured to fight recklessly!
A red film seems to cover your vision as you go berserk!
You feel yourself moving faster!
You feel mighty!
You feel a strong urge to attack something.
You hit the oklob plant but do no damage.
You headbutt the oklob plant!
The oklob plant is lightly damaged.
You hit the plant.
The plant begins to die.
You hit the plant.
The plant begins to die.
You slash the oklob plant! You headbutt the oklob plant!
The oklob plant is heavily damaged.
You slash the plant! You hit the plant. You hit the oklob plant.
The oklob plant is severely damaged.
You hit the plant. x2
You hit the oklob plant but do no damage.
The oklob plant is severely damaged.
You completely miss the plant. You hit the plant.
A nearby plant withers and dies.
The oklob plant spits acid at you. The splash of acid hits you!!
You die...

#PPP#.≈≈≈≈...≈≈≈≈.#
#♣♣♣P......_.≈≈≈≈..
#P#P..≈≈≈≈...≈≈≈≈.#
#♣P♣..≈≈≈≈≈≈≈≈≈≈≈.#
#PPP#..≈≈≈≈≈≈≈≈≈..P
#PPP....≈≈≈≈≈≈≈..PP
#PP.PPP..≈≈≈≈≈..PPP
##P.PP♣P.......PPPP


#.@.PPPPPP♣P.#P.P♣P #♣P..♣PP#♣♣P♣PPPP # #♣♣..PPP# P♣PP##P# # ### ## # ##. #..
You could see an oklob plant.

Vanquished Creatures
  A gnoll (D:1)
  3 adders
  2 worms (D:2)
  7 ball pythons
  7 bats
  6 endoplasms
  A giant cockroach (D:1)
  8 goblins
  8 hobgoblins
  3 kobolds
  4 quokkas
  2 frilled lizards
  8 rats
60 creatures vanquished.

Vanquished Creatures (others)
  2 fungi
  5 plants
7 creatures vanquished.

Grand Total: 67 creatures vanquished

Notes
Turn   | Place    | Note
-------+----------+-------------------------------------------
     0 | D:1      | thiscave3701365 the Minotaur Berserker began the quest for
                  | the Orb.
     0 | D:1      | Reached XP level 1. HP: 19/19 MP: 0/0
   331 | D:1      | Reached skill level 4 in Axes
   331 | D:1      | Reached XP level 2. HP: 27/27 MP: 1/1
   485 | D:1      | Found a faded altar of an unknown god.
   901 | D:1      | Reached ** piety under Trog
   902 | D:1      | Reached XP level 3. HP: 32/34 MP: 2/2
  1543 | D:2      | Found Dischyul's Antique Armour Boutique.
  1870 | D:2      | Reached XP level 4. HP: 41/41 MP: 3/3
  1875 | D:2      | Reached skill level 5 in Axes
  2327 | D:3      | Found a runed translucent gate.
  2744 | D:3      | Found a blossoming altar of Fedhas.
  2765 | D:3      | Noticed an oklob plant
  2796 | D:3      | Killed from afar by an oklob plant

Illustrated notes

Levels and vault maps discovered:
D:1:      giann_horns, layout_basic, serial_glass, glass_columns_a,
          glass_columns_a, glass_columns_a, glass_columns_a,
          dreamdust_ecumenical_altar_grove, st_stairs_1, nrook_mini_vaults
D:2:      layout_basic, serial_shops, shop_statue
D:3:      layout_rooms, tgw_fedhas, ebering_ghost_rock_garden

Skill      XL: |  1  2  3  4 |
---------------+-------------+-----
Axes           | 4 5 |  5.2
Fighting       | 4 |  4.8
Armour         | |  2.7
Dodging        | |  2.4
Stealth        | |  0.3

Action                   |  1- 3 |  4- 6 || total
-------------------------+-------+-------++-------
Melee: Hand axe          |    85 |    43 ||   128
       Headbutt          |    15 |     4 ||    19
Invok: Berserk           |     1 |     1 ||     2
Armor: Animal skin       |    17 |     7 ||    24
Dodge: Dodged            |    46 |    16 ||    62
